 Dungeon Crawl Stone Soup version 0.21-a0-352-g5b8f553 (webtiles) character file.

234 Chizzley the Fighter (level 6, 0/64 HPs)
             Began as a Gnoll Wanderer on Oct 11, 2017.
             Was an Initiate of Ashenzari.
             Slain by static's ghost (3 damage)
             ... on level 3 of the Dungeon.
             The game lasted 00:06:04 (2757 turns).

Chizzley the Fighter (Gnoll Wanderer)               Turns: 2757, Time: 00:06:04

Health: 0/64       AC:  6    Str: 15    XL:     6   Next: 5%
Magic:  8/8        EV: 11    Int: 15    God:    Ashenzari [......]
Gold:   151        SH:  0    Dex: 15    Spells: 8/8 levels left

rFire    . . .     SeeInvis .   a - +2 spear
rCold    . . .     Gourm    .   (no shield)
rNeg     . . .     Faith    .   m - +0 scale mail
rPois    .         Spirit   .   (no helmet)
rElec    .         Reflect  .   (no cloak)
rCorr    .         Harm     .   (no gloves)
MR       .....                  (no boots)
Stlth    +.........             (no amulet)
HPRegen  0.20/turn              i - ring of flight
MPRegen  0.11/turn              (no ring)

@: no status effects
A: distributed training, fangs 1, strong nose
a: Curse Item, Renounce Religion, Evoke Flight


You were on level 3 of the Dungeon.
You worshipped Ashenzari.
Ashenzari was noncommittal.
You were not hungry.

You visited 1 branch of the dungeon, and saw 3 of its levels.

You collected 151 gold pieces.

Inventory:

Hand Weapons
 a - a +2 spear (weapon)
 h - a +0 dagger of venom
 t - a +0 quarterstaff
Armour
 m - a +0 scale mail (worn)
Magical Staves
 v - an uncursed staff of air
Jewellery
 i - a ring of flight (left hand)
 j - an uncursed ring of fire
Scrolls
 c - a scroll of teleportation
 d - 2 scrolls of fog {unknown}
 e - a scroll of amnesia {unknown}
 l - a scroll of fear {unknown}
 n - 2 scrolls of magic mapping {unknown}
Potions
 b - a potion of flight {unknown}
 p - 2 potions of ambrosia {unknown}
 r - a potion of berserk rage {unknown}
 s - a potion of heal wounds {unknown}
 u - a potion of curing
Books
 q - a book of the Sky

   Spells                             Type                      Level
   a - Summon Lightning Spire         Summoning/Air                4
   b - Silence                        Hexes/Air                    5
   c - Deflect Missiles               Charms/Air                   6
   d - Conjure Ball Lightning         Conjuration/Air              6
   e - Tornado                        Air                          9
Comestibles
 f - 4 bread rations
 g - 3 royal jellies
 k - 3 meat rations
 o - 4 fruits
 w - 2 chunks of flesh


   Skills:
 + Level 12.1 Fighting
 + Level 1.7 Short Blades
 + Level 1.7 Long Blades
 + Level 1.7 Axes
 + Level 1.7 Maces & Flails
 + Level 1.7 Polearms
 + Level 1.7 Staves
 + Level 1.7 Slings
 + Level 1.7 Bows
 + Level 1.7 Crossbows
 + Level 3.1 Throwing
 + Level 1.7 Armour
 + Level 3.1 Dodging
 + Level 2.9 Stealth
 + Level 1.7 Shields
 + Level 1.7 Unarmed Combat
 + Level 1.7 Spellcasting
 + Level 1.7 Conjurations
 + Level 1.7 Hexes
 + Level 1.7 Charms
 + Level 1.7 Summonings
 + Level 1.7 Necromancy
 + Level 1.7 Translocations
 + Level 1.7 Transmutations
 + Level 1.7 Fire Magic
 + Level 1.7 Ice Magic
 + Level 1.7 Air Magic
 + Level 1.7 Earth Magic
 + Level 1.7 Poison Magic
 + Level 1.7 Invocations
 + Level 3.1 Evocations


You had 8 spell levels left.
You didn't know any spells.

Dungeon Overview and Level Annotations

Branches:
Dungeon (3/15)

Altars:
Ashenzari
Dithmenos
Vehumet

Annotations:
D:3 static's ghost, amateur GnWn


Innate Abilities, Weirdness & Mutations

Your experience applies equally to all skills.
You have very sharp teeth.
Your uncanny sense of smell can sniff out nearby items.


Message History

* * * LOW HITPOINT WARNING * * *
You closely miss static's ghost.
Static's ghost is almost destroyed.
Static's ghost hits you.
* * * LOW HITPOINT WARNING * * *
You closely miss static's ghost.
Static's ghost is almost destroyed.
Static's ghost closely misses you.
You miss static's ghost.
Static's ghost is almost destroyed.
Static's ghost hits you.
* * * LOW HITPOINT WARNING * * *
You closely miss static's ghost.
Static's ghost is almost destroyed.
Static's ghost hits you.
* * * LOW HITPOINT WARNING * * *
Your scale mail prevents you from hitting static's ghost.
Static's ghost is almost destroyed.
Static's ghost hits you.
You die...

###########
##.).......###
##(...#####...#
######.....# #.#.#
.((..))....# #@#.#
######.....# #W#.#
# ##....#####.#..
#
######....>.)..###
###..§..#.###.####
....§...#.#
#........
###§._)§#.#
#######.# #
#.§.§.#.#
###...).#.


You could see static's ghost.

Vanquished Creatures
  A jelly (D:2)
  An orc wizard (D:3)
  Natasha (D:3)
  3 gnolls (D:2)
  5 adders
  2 worms
  2 dart slugs
  3 orcs
  6 bats
  7 giant cockroaches
  5 hobgoblins
  5 jackals
  9 kobolds
  4 frilled lizards
  5 goblins
  9 rats
68 creatures vanquished.

Vanquished Creatures (others)
  An adder (D:3)
  4 orcs (D:3)
  A frilled lizard (D:3)
6 creatures vanquished.

Grand Total: 74 creatures vanquished

Notes
Turn   | Place    | Note
-------+----------+-------------------------------------------
     0 | D:1      | Reached skill level 12 in Fighting
     0 | D:1      | Chizzley the Gnoll Wanderer began the quest for the Orb.
     0 | D:1      | Chizzley set off with: a +2 spear, a potion of curing, a scroll of teleportation, a +0 robe, a bread ration
     0 | D:1      | Reached XP level 1. HP: 31/31 MP: 2/2
   226 | D:1      | Reached XP level 2. HP: 38/38 MP: 3/3
   842 | D:2      | Found a shattered altar of Ashenzari.
   860 | D:2      | Found a transporter.
   868 | D:2      | Found a transporter.
   920 | D:2      | Reached XP level 3. HP: 40/44 MP: 4/4
  1097 | D:2      | Reached skill level 1 in Short Blades
  1097 | D:2      | Reached skill level 1 in Long Blades
  1097 | D:2      | Reached skill level 1 in Axes
  1097 | D:2      | Reached skill level 1 in Maces & Flails
  1097 | D:2      | Reached skill level 1 in Polearms
  1097 | D:2      | Reached skill level 1 in Staves
  1097 | D:2      | Reached skill level 1 in Slings
  1097 | D:2      | Reached skill level 1 in Bows
  1097 | D:2      | Reached skill level 1 in Crossbows
  1097 | D:2      | Reached skill level 1 in Armour
  1097 | D:2      | Reached skill level 1 in Shields
  1097 | D:2      | Reached skill level 1 in Unarmed Combat
  1097 | D:2      | Reached skill level 1 in Spellcasting
  1097 | D:2      | Reached skill level 1 in Conjurations
  1097 | D:2      | Reached skill level 1 in Hexes
  1097 | D:2      | Reached skill level 1 in Charms
  1097 | D:2      | Reached skill level 1 in Summonings
  1097 | D:2      | Reached skill level 1 in Necromancy
  1097 | D:2      | Reached skill level 1 in Translocations
  1097 | D:2      | Reached skill level 1 in Transmutations
  1097 | D:2      | Reached skill level 1 in Fire Magic
  1097 | D:2      | Reached skill level 1 in Ice Magic
  1097 | D:2      | Reached skill level 1 in Air Magic
  1097 | D:2      | Reached skill level 1 in Earth Magic
  1097 | D:2      | Reached skill level 1 in Poison Magic
  1097 | D:2      | Reached skill level 1 in Invocations
  1097 | D:2      | Reached XP level 4. HP: 38/51 MP: 4/6
  1377 | D:2      | Found a shadowy altar of Dithmenos.
  2108 | D:2      | Reached XP level 5. HP: 46/57 MP: 7/7
  2204 | D:2      | Became a worshipper of Ashenzari the Shackled
  2643 | D:3      | Noticed Natasha
  2652 | D:3      | Killed Natasha
  2652 | D:3      | Reached XP level 6. HP: 55/64 MP: 8/8
  2664 | D:3      | Found a radiant altar of Vehumet.
  2721 | D:3      | Noticed static's ghost (amateur GnWn)
  2756 | D:3      | HP: 3/64 [static's ghost (1)]
  2757 | D:3      | Slain by static's ghost

Vault maps used:
D:1:      dpeg_arrival_windows_large_door
D:2:      overflow_temple_1_default, gammafunk_temple_overflow_arena
D:3:      fiery_altar_vehumet, st_stairs_13, uniq_natasha

Skill      XL: |  1  2  3  4  5 |
---------------+----------------+-----
Fighting       | | 12.1
Short Blades   | 1 |  1.7
Long Blades    | 1 |  1.7
Axes           | 1 |  1.7
Maces & Flails | 1 |  1.7
Polearms       | 1 |  1.7
Staves         | 1 |  1.7
Slings         | 1 |  1.7
Bows           | 1 |  1.7
Crossbows      | 1 |  1.7
Armour         | 1 |  1.7
Shields        | 1 |  1.7
Unarmed Combat | 1 |  1.7
Spellcasting   | 1 |  1.7
Conjurations   | 1 |  1.7
Hexes          | 1 |  1.7
Charms         | 1 |  1.7
Summonings     | 1 |  1.7
Necromancy     | 1 |  1.7
Translocations | 1 |  1.7
Transmutations | 1 |  1.7
Fire Magic     | 1 |  1.7
Ice Magic      | 1 |  1.7
Air Magic      | 1 |  1.7
Earth Magic    | 1 |  1.7
Poison Magic   | 1 |  1.7
Invocations    | 1 |  1.7
Throwing       | 3 |  3.1
Dodging        | 3 |  3.1
Evocations     | 3 |  3.1
Stealth        | |  2.9

Action                   |  1- 3 |  4- 6 || total
-------------------------+-------+-------++-------
Melee: Spear             |    86 |   202 ||   288
       Dagger            |     2 |       ||     2
       Bite              |     9 |    15 ||    24
       Punch             |       |     1 ||     1
  Use: Potion            |       |     1 ||     1
 Stab: Sleeping          |     2 |     1 ||     3
  Eat: Chunk             |       |     6 ||     6
Armor: Robe              |     1 |       ||     1
       Leather armour    |     6 |       ||     6
       Scale mail        |     6 |    83 ||    89
Dodge: Dodged            |    38 |    90 ||   128

Table legend:
 A = Spawn XP
 B = Non-spawn XP
 C = Spawn XP percentage of total XP
 D = Spawn monster count
 E = Non-spawn monster count
 F = Spawn count percentage of total count
 G = Total turns spent on level
                    A         B        C        D         E        F      G
               +---------+---------+-------+---------+---------+-------+---------
         Total |       0 |     335 |   0.0 |       0 |      68 |   0.0 |  2757
               +---------+---------+-------+---------+---------+-------+---------
           D:1 |       0 |      31 |   0.0 |       0 |      20 |   0.0 |  1090
           D:2 |       0 |     157 |   0.0 |       0 |      23 |   0.0 |  1149
           D:3 |       0 |     147 |   0.0 |       0 |      25 |   0.0 |   518
               +---------+---------+-------+---------+---------+-------+---------
